 Dungeon Crawl Stone Soup version 0.19.0-24-gb05acd6 (webtiles) character file.

314 Mesmaeker13 the Charmwright (level 6, -2/44 HPs)
             Began as a Merfolk Skald on Nov 21, 2016.
             Killed from afar by an orc wizard (8 damage)
             ... with a puff of flame
             ... on level 4 of the Dungeon.
             The game lasted 00:06:16 (2977 turns).

Mesmaeker13 the Charmwright (Merfolk Skald)         Turns: 2977, Time: 00:06:17

Health: -2/44      AC:  4    Str: 13    XL:     6   Next: 43%
Magic:  7/9        EV: 12    Int: 13    God:
Gold:   221        SH:  0    Dex: 13    Spells: 3 memorised, 4 levels left

rFire  . . .     SeeInvis .     t - +3 scythe (flame)
rCold  . . .     Gourm    .     b - +0 leather armour
rNeg   . . .     Faith    .     (shield currently unavailable)
rPois  .         Spirit   .     (no helmet)
rElec  .         Reflect  .     o - +0 cloak
rCorr  .         Harm     .     (no gloves)
MR     .....                    (no boots)
Stlth  +.........               (no amulet)
                                (no ring)
                                y - ring of flight

@: very slightly contaminated, hasted, very quick
A: change form in water, swift swim, stealthy swim
a: Evoke Flight


You were on level 4 of the Dungeon.
You were not hungry.

You visited 1 branch of the dungeon, and saw 4 of its levels.

You collected 221 gold pieces.

Inventory:

Hand Weapons
 a - a +0 spear
 t - a +3 scythe of flaming (weapon)
 C - a +0 spear
Missiles
 r - a throwing net (quivered)
 x - 3 needles of frenzy
Armour
 b - a +0 leather armour (worn)
 o - a +0 cloak (worn)
Jewellery
 y - a ring of flight (left hand)
Wands
 E - a wand of lightning (2/15)
 F - a wand of random effects (27/48)
Scrolls
 e - a scroll of amnesia {unknown}
 h - a scroll of enchant weapon
 j - 2 scrolls of identify {unknown}
 n - 2 scrolls of random uselessness {unknown}
 p - 2 scrolls of remove curse {unknown}
 G - a scroll of fear {unknown}
Potions
 g - a potion of haste
 i - 2 potions of flight {unknown}
 l - a potion of brilliance {unknown}
 m - a potion of mutation {unknown}
 s - a potion of curing {unknown}
 v - a potion of agility {unknown}
 w - 2 potions of lignification {unknown}
 z - a potion of might {unknown}
 A - a potion of heal wounds {unknown}
 B - a potion of cure mutation {unknown}
Books
 c - a book of Battle

   Spells                             Type                      Level
   a - Infusion                       Charms                       1
   b - Shroud of Golubria             Charms/Translocation         2
   c - Song of Slaying                Charms                       2
   d - Spectral Weapon                Hexes/Charms                 3
   e - Regeneration                   Charms/Necromancy            3
Comestibles
 d - 2 bread rations
 f - 6 fruits
 k - 5 chunks of flesh
 q - a beef jerky
 u - 4 meat rations
 D - a royal jelly


   Skills:
 - Level 2.1 Fighting
 + Level 4.4 Polearms
 - Level 0.6 Armour
 + Level 2.3 Dodging
 - Level 2.0 Spellcasting
 + Level 6.8 Charms
 + Level 1.0 Translocations


You had 4 spell levels left.
You knew the following spells:

 Your Spells              Type           Power        Failure   Level  Hunger
a - Infusion              Chrm           ###.         1%          1    ##.....
b - Song of Slaying       Chrm           ###.....     3%          2    ###....
c - Shroud of Golubria    Chrm/Tloc      ##........   12%         2    ###....


Dungeon Overview and Level Annotations

Branches:
Dungeon (4/15)
 Temple: D:4-7

Altars:
Hepliaklqana


Message History

You hit the orc. You burn the orc.
The orc is heavily wounded.
The orc misses you.
You completely miss the orc.
The orc is heavily wounded.
Something unseen opens the door.
The orc hits you with a flail.
* * * LOW HITPOINT WARNING * * *
An orc wizard comes into view. It is wielding a dagger.
You closely miss the orc.
The orc is heavily wounded.
The orc wizard shouts!
You hear a shout!
The orc closely misses you.
You barely miss the orc.
The orc is heavily wounded.
The orc wizard closely misses you. The orc misses you.
You barely miss the orc.
The orc is heavily wounded.
The orc wizard casts a spell at you. The puff of flame hits you!
You die...

...#####..................
......?...................
..........................
......... .....#'####.....
...$....########....######
........#............... #
........'............... #
........#)o...##....##.. #
........#@....##....# # #
###.....#o............ #
+.....'.............. #
#.....##+#####....... #
#.....# ....##. # #..... #
... #+### ... #...# #...#


You could see an orc wizard and an orc.

Vanquished Creatures
  Sigmund (D:2)
  The ghost of dscm the Digger, a weakling OpEE (D:4)
  An orc priest (D:4)
  3 adders
  An ooze (D:3)
  A worm (D:2)
  2 dart slugs (D:2)
  2 leopard geckos (D:2)
  6 orcs
  8 bats
  5 giant cockroaches
  8 goblins
  3 hobgoblins (D:3)
  3 jackals (D:2)
  4 frilled lizards
  6 kobolds
  9 rats
64 creatures vanquished.

Notes
Turn   | Place    | Note
-------+----------+-------------------------------------------
     0 | D:1      | Mesmaeker13 the Merfolk Skald began the quest for the Orb.
     0 | D:1      | Reached XP level 1. HP: 16/16 MP: 3/3
   226 | D:1      | Reached XP level 2. HP: 22/22 MP: 5/5
   942 | D:1      | Learned a level 2 spell: Song of Slaying
   991 | D:2      | Reached skill level 4 in Charms
   991 | D:2      | Reached XP level 3. HP: 26/27 MP: 2/6
  1427 | D:2      | Noticed Sigmund
  1436 | D:2      | Killed Sigmund
  1436 | D:2      | Reached skill level 6 in Charms
  1436 | D:2      | Reached XP level 4. HP: 33/33 MP: 0/7
  1436 | D:2      | Reached XP level 5. HP: 38/38 MP: 0/8
  1529 | D:2      | Learned a level 2 spell: Shroud of Golubria
  1896 | D:3      | Reached XP level 6. HP: 24/44 MP: 9/9
  2817 | D:4      | Noticed dscm's ghost (weakling OpEE)
  2823 | D:4      | Killed dscm's ghost
  2881 | D:4      | Found a hazy altar of Hepliaklqana.
  2972 | D:4      | Reached skill level 1 in Translocations
  2977 | D:4      | Killed from afar by an orc wizard

Skill      XL: |  1  2  3  4  5  6 |
---------------+-------------------+-----
Polearms       | 4 |  4.4
Charms         | 4 6 |  6.8
Dodging        | 2 |  2.3
Translocations | 1 |  1.0
Fighting       | |  2.1
Armour         | |  0.6
Spellcasting   | |  2.0

Action                   |  1- 3 |  4- 6 || total
-------------------------+-------+-------++-------
Melee: Spear             |   148 |       ||   148
       Scythe            |       |   111 ||   111
Throw: Throwing net      |     1 |     1 ||     2
 Cast: Infusion          |    10 |     5 ||    15
       Shroud of Golubri |       |     1 ||     1
       Song of Slaying   |       |     1 ||     1
  Use: Scroll            |       |     1 ||     1
       Potion            |       |     1 ||     1
 Stab: Sleeping          |     4 |       ||     4
  Eat: Chunk             |     2 |     6 ||     8
Armor: Leather armour    |    39 |    38 ||    77
Dodge: Dodged            |    54 |    96 ||   150
